123, chaotic female elven Monk ------------ |..........+ # | |.......<..| ` -------------# ..| |..........|## |`....)....`|# ##....| ^ |..........+#### |.....`.....-#@## |..........|# # |...-----...|##a## --------|---# ### |...|.{.|...|# ##### # |..`|{.{|`..|# ##-...|.{.|...| |...-.---...| |.....`.....| |`.........`| ------------- 123 the Initiate Experience level: 7 Strength: 18 Dexterity: 16 Constitution: 11 Intelligence: 11 Wisdom: 14 Charisma: 7 Health: 0(25) Energy: 53(53) Def: 10 Gold: 837 Moves: 2933 Dungeon seed: NQNJqmCC2XVWe3MV Game ID: 123_1562960740 Your Inventory: Coins $ - 837 gold pieces Amulets s - a cursed amulet of restful sleep Weapons P - an uncursed +0 orcish dagger of searching Armor e - an uncursed +2 pair of leather gloves (being worn) n - a blessed +1 robe (being worn) z - an uncursed +0 pair of high boots (being worn) Y - an uncursed +0 dwarvish iron helm (being worn) Comestibles d - 13 uncursed food rations f - 6 uncursed apples g - 5 uncursed oranges h - 3 uncursed fortune cookies j - an uncursed cream pie A - an uncursed sprig of wolfsbane F - an uncursed lembas wafer Scrolls b - an uncursed scroll of destroy armor x - a blessed scroll of destroy armor y - a blessed scroll of confuse monster Q - an uncursed scroll of teleportation R - an uncursed scroll of enchant armor Spellbooks a - a blessed spellbook of protection k - an uncursed spellbook of levitation l - an uncursed spellbook of light Potions c - 3 uncursed potions of water Wands m - an uncursed wand of undead turning (0:7) p - an uncursed wand of probing (0:4) u - an uncursed wand of probing (0:3) w - an uncursed wand of fire (0:5) H - an uncursed wand of summoning (0:2) I - an uncursed wand of digging (0:4) Tools i - an uncursed skeleton key o - an uncursed oil lamp (lit) (0:344) v - an uncursed bugle C - 4 blessed tallow candles (0:200) G - a cursed magic lamp Spells and supernatural/magical abilities: Name Level Category Cost Memory W - pray for help -- divine ? -- Your skills at the end: Fighting Skills martial arts [Skilled] wands [Basic] Weapon Skills Spellcasting Skills healing spells [Basic] Final Attributes: You were piously aligned. You were immune to sleep. You were poison resistant. You saw invisible. You were warned. You had infravision. You were stealthy. You were fast. You angered your god 767 turns ago. Huan Ti was noncommittal. You are dead. Vanquished creatures: a small mimic a leprechaun a gnome king 2 soldier ants a bugbear 2 wood nymphs 4 Uruk-hai a pony a shrieker 2 gnome lords 2 gnomish wizards a black naga hatchling a gray ooze 4 elf zombies 2 giant ants 5 dwarves a kobold lord a giant bat a dwarf zombie 5 iguanas a hobbit 4 manes a hobgoblin 2 giant rats 4 cave spiders 2 brown molds a yellow mold 16 gnomes 11 garter snakes a gecko 4 jackals 2 goblins 5 sewer rats 2 grid bugs 2 bats 4 lichens 5 newts 106 creatures vanquished. Voluntary challenges: You followed a strict vegan diet. You never hit with a wielded weapon. You read items or engraved 8 times, starting on turn 75. You never genocided any monsters. You never polymorphed an object. You never changed form. You used no wishes. You never split a pudding. You never wrote Elbereth's name. You never violated your personal moral code. Dungeon overview: The Dungeons of Doom: levels 1 to 8 Level 1 a fountain a long staircase Level 2 (vailt) an altar to Huan Ti, a fountain, a vault Level 3 some fountains stairs to The Gnomish Mines Level 4 some fountains Level 5 Level 6 some fountains Level 7 some fountains Level 8 <- You were here many fountains The Gnomish Mines: levels 4 to 6 Level 4 stairs to The Dungeons of Doom Level 5 Level 6 many shops, a temple to Shan Lai Ching, a fountain History has recorded: On T:1 you entered the Dungeons of Doom to retrieve the Amulet of Yendor! On T:249 you reached level 2 of The Dungeons of Doom. On T:537 you reached level 3 of The Dungeons of Doom. On T:541 you advanced to experience level 2. On T:601 you reached level 4 of The Dungeons of Doom. On T:713 you reached level 5 of The Dungeons of Doom. On T:818 you advanced to experience level 3. On T:929 you reached level 6 of The Dungeons of Doom. On T:1187 you advanced to experience level 4. On T:1455 you reached level 1 of The Gnomish Mines. On T:1493 you advanced to experience level 5. On T:1538 you reached level 2 of The Gnomish Mines. On T:1570 you reached level 3 of The Gnomish Mines. On T:1791 you advanced to experience level 6. On T:2642 you reached level 7 of The Dungeons of Doom. On T:2837 you reached level 8 of The Dungeons of Doom. On T:2927 you advanced to experience level 7. Score breakdown: Gold: 837 ( 9943 points) Experience: 7 levels (13645 points) Exploration: 8 levels ( 17.39%) (11832 points) Discoveries: 5 items ( 1.81%) ( 4037 points) Valuables value: (no points given unless you survive) Artifact value: 0 ( 0 points) Variety of kills: 37 monsters ( 9.74%) ( 9361 points) Turncount: 2933 turns ( -566 points) Survival: died (score multiplied by 80%) Total score: 38601 Latest messages: The hobbit hits! You see here a statue of a female plains centaur. You kill the hobbit! You see here a sling. You succeed in unlocking the door. The door opens. You see here a statue of a female forest centaur. You stop exploring. You hit the soldier ant! The soldier ant just misses! The soldier ant stings! You hit the soldier ant! You kill the soldier ant! Welcome to experience level 7. You feel sensitive! You must have gained warning. You stop running. The soldier ant bites! The soldier ant misses. You hit the soldier ant! The soldier ant bites! The soldier ant stings! You die... Final status: Goodbye 123 the Monk, killed by a soldier ant... You died in The Dungeons of Doom on dungeon level 8 with 38601 points, and 837 pieces of gold, after 2933 moves. You were level 7 with a maximum of 25 hit points when you died.